 Dungeon Crawl Stone Soup version 0.30-a0-377-g5cb311bc9f (webtiles) character file.

Game seed: 11353718242883636692

21 Sabo the Ducker (level 3, 28/28 HPs)
             Began as a Djinni Gladiator on Nov 28, 2022.
             Got out of the dungeon alive.
             The game lasted 00:04:09 (694 turns).

Sabo the Ducker (Djinni Gladiator)                   Turns: 694, Time: 00:04:10

Health: 28/28      AC:  1    Str: 15    XL:     3   Next: 5%
Gold:   57         EV: 13    Int:  9    God:
                   SH:  0    Dex: 14

rFire   + + .      SeeInvis .    a - +0 war axe
rCold   x . .      Faith    .    (no shield)
rNeg    . . .      Spirit   .    (no body armour)
rPois   ∞          Reflect  .    c - +0 helmet
rElec   .          Harm     .    (no cloak)
rCorr   .          Rampage  .    (no gloves)
Will    .....                    (boots unavailable)
Stlth   +.........               (no amulet)
HPRegen 0.24/turn                (no ring)
MPRegen 0.00/turn                (no ring)

@: flying
A: sickness immunity, fire resistance 2, cold vulnerability 1, float, innate
caster, HP casting, extra vitality 1
a: no special abilities


You escaped.
You visited 1 branch of the dungeon, and saw 1 of its levels.

You collected 57 gold pieces.

Inventory:

Hand Weapons
 a - a +0 war axe (weapon)
Missiles
 d - 3 throwing nets (quivered)
 e - a javelin
 k - 3 poisoned darts
Armour
 c - a +0 helmet (worn)
 j - a +0 ring mail
Scrolls
 b - a scroll of poison {unknown}
 f - a scroll of torment {unknown}
 i - 5 scrolls of identify {unknown}
Potions
 g - 3 potions of lignification {unknown}
 h - 3 potions of degeneration {unknown}


   Skills:
 + Level 2.2 Fighting
 + Level 2.9 Axes
 + Level 1.5 Throwing
 + Level 0.2 Armour
 + Level 3.5 Dodging


You had one spell level left.
You knew the following spells:

 Your Spells              Type           Power      Damage    Failure   Level
a - Summon Small Mammal   Summ           0%         N/A       38%         1
Your spell library was empty.

Dungeon Overview and Level Annotations

Branches:
Dungeon (1/15)

Altars:

Shops:
D:1 :


Innate Abilities, Weirdness & Mutations

You are immune to sickness and miasma.
You are immune to poison.
Your flesh is very heat resistant. (rF++)
You are vulnerable to cold. (rC-)
You float through the air rather than walking.
You learn spells naturally, not from books.
Your magical power is your life essence.
You have superior vitality. (+4 MHP)


Message History

You have reached level 3!
Your experience leads to an increase in your attributes!
Increase (S)trength, (I)ntelligence, or (D)exterity?
You feel stronger. x2
The power to cast Summon Small Mammal wells up from within.
Spell assigned to 'a'.
You start resting.
HP restored.
g - 3 viscous white potions (gained 1)
You see here a bat corpse.
Found a stone staircase leading down.
Found 3 poisoned darts.
You see here 3 poisoned darts.
k - 3 poisoned darts
Found a leather armour.
You see here a +0 leather armour.
Casting: Summon Small Mammal (safe; 63% risk of failure)
Confirm with . or Enter, or press ? or * to list all spells.
Okay, then.
You start removing your armour.
You continue taking off your +0 ring mail. x4
You finish taking off your +0 ring mail.
Casting: Summon Small Mammal (safe; 38% risk of failure)
Confirm with . or Enter, or press ? or * to list all spells.
Okay, then.
Found a scroll labelled JEROEK QERUAPA and a fuming sapphire potion.
A quokka comes into view.
The quokka attacks as you move away!
The quokka bites you but does no damage.
You hit the quokka.
The quokka is lightly wounded.
The quokka completely misses you. x2
You hit the quokka.
You kill the quokka!
You see here a quokka corpse.
You see here a quokka corpse.
There is a staircase leading out of the dungeon here.
You can't go down here!
Are you sure you want to leave the Dungeon?
This will make you lose the game!
You have escaped!

#)####...#...#..#..###### #...##?
....##.#..#..........# ##.∩.##.
.....#.##.#...#####..#####(......
.......##....#.# #....##.##.###
....#..##...###.# ##..##.##.###
.##†#..##..## ##.## ##..##.......
........#.#.###.#.###.#>..†##....
..........##.#.#.#.#.##..###.....
.........## #.#.@.#.###..# #.....
.........## .#.#.#.#.##..###.....
.^........#.###.#.###.#..........
...........## ##.## ##..#........
............###.#.# #............
.........##..#.###.#####.........
#.........##..#####.##...###.....
#####)##..##...........#####.....
##........#.......#####.......


There were no monsters in sight!

Vanquished Creatures
  A dart slug (D:1)
  2 goblins (D:1)
  3 hobgoblins (D:1)
  3 quokkas (D:1)
  A ball python (D:1)
  4 bats (D:1)
  A kobold (D:1)
  2 rats (D:1)
17 creatures vanquished.

Notes
Turn   | Place    | Note
-------+----------+-------------------------------------------
     0 | D:1      | Sabo the Djinni Gladiator began the quest for the Orb.
     0 | D:1      | Reached XP level 1. HP: 18/18 MP: 0/0
    25 | D:1      | Reached XP level 2. HP: 8/23 MP: 0/0
   115 | D:1      | Found Beimotote's Book Shop.
   558 | D:1      | Reached XP level 3. HP: 24/28 MP: 0/0
   558 | D:1      | Learned a level 1 spell: Summon Small Mammal
   694 | D:$      | Got out of the dungeon alive.

Illustrated notes

Levels and vault maps discovered:
D:1:      minmay_arrival_diagonal_passages, layout_rooms, serial_shops,
          nicolae_shop_stone, palyth_stone_intersect

Action                   || total
-------------------------++-------
Melee: War axe           ||    57
 Stab: Sleeping          ||     1
Armor: Leather armour    ||    18
       Ring mail         ||     7
       Skin              ||     1
Dodge: Dodged            ||    43

Table legend: (Time is in decaauts)
 A = Elapsed time spent in this place.
 B = Non-inter-level travel time spent in this place.
 C = Inter-level travel time spent in this place.
 D = Time resting spent in this place.
 E = Time spent auto-exploring this place.
 F = Levels seen in this place.
 G = Mean time per level.
                   A        B        C        D        E       F      G
               +--------+--------+--------+--------+--------+-----+--------+
         Total |    715 |    715 |      0 |    124 |      0 |   1 |  715.0 |
       Dungeon |    715 |    715 |      0 |    124 |      0 |   1 |  715.0 |
               +--------+--------+--------+--------+--------+-----+--------+

Top non-repeatable levels by time:
     D:1: 715 daAuts
